[Event "39th Citta Arco Open 2017"]
[Site "Arco"]
[Date "2017.10.12"]
[Round "6"]
[White "Molnar, Bela"]
[Black "Voltolini, Giuseppe"]
[Result "1-0"]
[ECO "E29"]
[WhiteElo "2290"]
[BlackElo "2152"]
[Annotator "ChessBase"]
[PlyCount "111"]
[EventDate "2017.??.??"]
[EventType "swiss"]
[EventCountry "ITA"]
[SourceTitle "playchess.com"]
[Source "ChessBase"]
[SourceQuality "1"]
[TimeControl "40/5400+30:1800+30"]

1. d4 Nf6 2. c4 e6 3. Nc3 Bb4 4. a3 Bxc3+ 5. bxc3 d6 6. e3 e5 7. Bd3 c5 8. Ne2 Nc6 9. O-O O-O 10. Qc2 Re8 11. Ng3 b6 12. f4 exd4 13. cxd4 Ng4 14. Rf3 cxd4 15. Bxh7+ Kf8 16. Be4 Bb7 17. Bxc6 Bxc6 18. Qh7 Qf6 19. e4 Qh6 20. Qxh6 Nxh6 21. Rd3 Bxe4 22. Rxd4 Bb7 23. Bd2 Rac8 24. Bb4 Kg8 25. Bxd6 Re3 26. Rc1 Rb3 27. Rd2 Rd8 28. Rcd1 Rc3 29. f5 Ng4 30. h3 Ne3 31. Bb4 Rxd2 32. Rxd2 Rc1+ 33. Kf2 Nxc4 34. Rd8+ Kh7 35. Rd7 Rc2+ 36. Ne2 Be4 37. g4 a5 38. Bc3 Kg8 39. Rd4 Bb7 40. Rd8+ Kh7 41. Rd7 Ba6 42. Ra7 Nd6 43. Rxa6 Ne4+ 44. Kf3 Nxc3 45. Nf4 Ra2 46. Ra7 Rxa3 47. Rxf7 Nd5+ 48. Ke4 Nxf4 49. Kxf4 Rxh3 50. Rb7 Rb3 51. f6 Kg6 52. f7 Rb1 53. f8=N+ Kh6 54. Ne6 Rb4+ 55. Kg3 g5 56. Nf8 1-0

[Event "39th Citta Arco Open 2017"]
[Site "Arco"]
[Date "2017.10.12"]
[Round "6"]
[White "Luciani, Carlo"]
[Black "Battistella, Stefano"]
[Result "1/2-1/2"]
[ECO "B06"]
[WhiteElo "2261"]
[BlackElo "2041"]
[Annotator "NA"]
[PlyCount "54"]
[EventDate "2017.??.??"]
[EventType "swiss"]
[EventCountry "ITA"]
[SourceTitle "playchess.com"]
[Source "ChessBase"]
[SourceQuality "1"]
[TimeControl "40/5400+30:1800+30"]

1. e4 g6 2. d4 Bg7 3. h4 d5 4. exd5 Qxd5 {LiveBook: 9 Games} 5. Be3 Nf6 6. Be2 h5 7. Nc3 Qd6 8. Qd2 a6 9. Bf4 Qd8 10. O-O-O Nbd7 $14 11. Nf3 Nb6 12. d5 Bg4 13. Rhe1 O-O 14. Ne5 Bxe2 15. Rxe2 Re8 16. Qe1 Qc8 17. f3 Qf5 18. Qg3 Rad8 19. Red2 Nfd7 20. Re2 Nf6 21. Nxf7 Nfxd5 22. Nxd5 Qxf7 23. Nxe7+ Kh7 24. Rxd8 Rxd8 25. Qxg6+ Qxg6 26. Nxg6 Nc4 27. c3 Kxg6 1/2-1/2

[Event "39th Citta Arco Open 2017"]
[Site "Arco"]
[Date "2017.10.12"]
[Round "6"]
[White "Nazarenus, Moritz"]
[Black "Knors, Rudi"]
[Result "1-0"]
[ECO "D46"]
[WhiteElo "2241"]
[BlackElo "2097"]
[Annotator "NA"]
[PlyCount "51"]
[EventDate "2017.??.??"]
[EventType "swiss"]
[EventCountry "ITA"]
[SourceTitle "playchess.com"]
[Source "ChessBase"]
[SourceQuality "1"]
[TimeControl "40/5400+30:1800+30"]

1. d4 d5 2. c4 c6 3. Nf3 Nf6 4. Nc3 e6 5. e3 Nbd7 6. Qc2 Bd6 7. Bd3 dxc4 8. Bxc4 O-O 9. O-O e5 10. Rd1 Qe7 $11 {LiveBook: 105 Games} 11. e4 h6 12. h3 Re8 13. Be3 b5 14. Bf1 b4 15. Ne2 c5 16. d5 Nb6 17. Ng3 Bd7 18. Ba6 Rab8 19. Nd2 Ba4 20. b3 Bd7 21. Rac1 Bc8 22. Bxc8 Rexc8 23. Nf5 Qd7 24. Nxd6 Qxd6 25. Bxc5 Qd7 26. Qb2 1-0

[Event "39th Citta Arco Open 2017"]
[Site "Arco"]
[Date "2017.10.12"]
[Round "6"]
[White "Passerotti, Pierluigi"]
[Black "Panjkovic, Aleksandar"]
[Result "1/2-1/2"]
[ECO "B08"]
[WhiteElo "2210"]
[BlackElo "2130"]
[Annotator "NA"]
[PlyCount "73"]
[EventDate "2017.??.??"]
[EventType "swiss"]
[EventCountry "ITA"]
[SourceTitle "playchess.com"]
[Source "ChessBase"]
[SourceQuality "1"]
[TimeControl "40/5400+30:1800+30"]

1. e4 d6 2. Nf3 Nf6 3. Nc3 g6 4. d4 Bg7 5. Be3 a6 6. Bd3 {B08: Pirc Defence: Classical System} b5 7. Ne2 Bb7 8. Ng3 Nbd7 9. c3 c5 10. O-O O-O 11. Re1 Qc7 12. h3 e5 13. Rc1 $146 ({Predecessor:} 13. Qd2 d5 14. Bh6 dxe4 15. Bxe4 Nxe4 16. Nxe4 exd4 17. Bxg7 Kxg7 18. cxd4 {0-1 (32) Movsziszian,K (2440)-Azmaiparashvili,Z (2610) Dortmund 1992}) 13... Rfe8 14. d5 c4 15. Bc2 h6 16. Qd2 Kh7 17. Nh2 Bc8 18. Ng4 Ng8 19. Qe2 Ndf6 20. Kh2 Qe7 21. f3 h5 22. Nxf6+ Qxf6 23. Nf1 h4 24. a4 Bd7 25. Ra1 Bh6 26. Bxh6 Nxh6 27. Ra2 Reb8 28. Rea1 Qd8 29. axb5 axb5 30. Qf2 g5 31. Ra7 Kg6 32. R1a6 Be8 33. Rxa8 Rxa8 34. Rxa8 $11 Qxa8 35. Qb6 f6 36. Ne3 Nf7 37. Nd1 1/2-1/2

[Event "39th Citta Arco Open 2017"]
[Site "Arco"]
[Date "2017.10.12"]
[Round "6"]
[White "Pedersen, Henrik Bolding"]
[Black "Vezzosi, Paolo"]
[Result "1/2-1/2"]
[ECO "B22"]
[WhiteElo "2125"]
[BlackElo "2299"]
[Annotator "NA"]
[PlyCount "63"]
[EventDate "2017.??.??"]
[EventType "swiss"]
[EventCountry "ITA"]
[SourceTitle "playchess.com"]
[Source "ChessBase"]
[SourceQuality "1"]
[TimeControl "40/5400+30:1800+30"]

1. Nf3 c5 2. e4 e6 3. c3 d5 4. exd5 Qxd5 5. d4 Nf6 6. Na3 Nc6 7. Be2 Qd8 8. Nc2 Be7 9. O-O O-O {LiveBook: 56 Partien} 10. dxc5 Bxc5 11. Be3 {B22: Sizilianisch (Alapin 2.c3)} Qe7 (11... Bxe3 12. Nxe3 b6 13. Qa4 Bb7 14. Rfd1 Qc7 15. Ba6 Bxa6 16. Qxa6 Rfd8 17. h3 h6 18. Qc4 Qb7 {½-½ (37) Drazic,S (2473)-Markus,R (2622) Kragujevac 2013}) 12. Ncd4 $146 ({Vorgänger:} 12. Nfd4 Bd7 13. Nb3 Bd6 14. Bf3 Rad8 15. Bg5 Ne5 16. Ncd4 Bc8 17. h3 h6 18. Bh4 Ng6 19. Bxf6 Qxf6 {0-1 (32) Den Boer,L (2014)-De Jong,M (2358) Vlissingen 2012}) 12... Bd7 13. Nxc6 Bxc6 14. Bxc5 Qxc5 15. Qd4 Qa5 16. Ne5 Bd5 17. c4 Be4 18. Ng4 Nxg4 19. Qxe4 Nf6 20. Qc2 b6 21. a3 Rac8 $11 22. b4 Qg5 23. Rfd1 h5 24. Bf3 Qf4 25. Rac1 e5 26. Be2 Rc7 27. g3 Qh6 28. Rd6 h4 29. Rcd1 e4 30. Rd8 Rc8 31. Rxf8+ Rxf8 32. Qc3 1/2-1/2

[Event "39th Citta Arco Open 2017"]
[Site "Arco"]
[Date "2017.10.12"]
[Round "6"]
[White "Zucchelli, Massimo"]
[Black "Molina, Fabrizio"]
[Result "1/2-1/2"]
[ECO "D11"]
[WhiteElo "2108"]
[BlackElo "2208"]
[Annotator "NA"]
[PlyCount "100"]
[EventDate "2017.??.??"]
[EventType "swiss"]
[EventCountry "ITA"]
[SourceTitle "playchess.com"]
[Source "ChessBase"]
[SourceQuality "1"]
[TimeControl "40/5400+30:1800+30"]

1. d4 d5 2. c4 c6 3. Nf3 Nf6 4. e3 a6 5. b3 b5 {LiveBook: 8 Games D11: Slav Defence: 3 Nf3 sidelines and 3...Nf6 4 e3 Bg4} (5... Bg4 6. Nbd2 e6 7. Bd3 c5 8. dxc5 Bxc5 9. Bb2 O-O 10. Rc1 dxc4 11. Bxc4 Nbd7 12. O-O Qe7 13. h3 {1-0 (63) Parligras,M (2574)-Sumets,A (2622) Abu Dhabi 2014}) 6. Nbd2 Bf5 7. Nh4 Be4 8. f3 Bg6 9. Nxg6 hxg6 10. g3 e6 11. c5 $146 ({Predecessor:} 11. Bg2 c5 12. dxc5 Bxc5 13. Qe2 {0-1 (38) Barseghyan,H (1982)-Simonian,H (2475) Jermuk 2012}) 11... a5 12. a3 Nbd7 13. Bg2 Qb8 14. f4 Be7 15. Bb2 Nh5 16. Nf3 Nhf6 17. Ne5 Nxe5 18. fxe5 Nd7 19. e4 f6 20. exd5 exd5 21. Qg4 Nf8 22. exf6 gxf6 23. O-O-O Qc7 24. Rde1 f5 25. Qe2 Rh7 26. Kb1 a4 27. b4 O-O-O 28. Qd3 Bf6 29. h4 Kb7 30. h5 Qg7 31. hxg6 Rxh1 32. Rxh1 Qxg6 33. Bh3 f4 34. Qxg6 Nxg6 35. gxf4 Rh8 36. Bg2 Nxf4 37. Rxh8 Bxh8 38. Bf3 Ne6 39. Bg4 Nxd4 40. Bxd4 Bxd4 41. Bd7 Kc7 42. Bf5 Kd8 43. Bg6 Ke7 44. Bf5 Be3 45. Kc2 Bf4 46. Bg4 d4 47. Bf5 $11 Bg5 48. Be4 Kd7 49. Bf5+ Ke7 50. Be4 Kd7 1/2-1/2